 Dungeon Crawl Stone Soup version 0.17-a0-755-g4391640 (webtiles) character file.

2205 RobertPalmer the Martial Artist (level 9, -5/63 HPs)
             Began as a Demonspawn Chaos Knight on Apr 23, 2015.
             Slain by an orc warrior
             ... wielding a +2 halberd of protection
              (13 damage)
             ... on level 7 of the Dungeon.
             The game lasted 00:20:17 (7014 turns).

RobertPalmer the Martial Artist (DsCK)              Turns: 7014, Time: 00:20:17

Health: -5/63      AC:  6    Str: 12    XL:     9   Next: 12%
Magic:  8/8        EV: 13    Int: 16    God:    Xom [..*...]
Gold:   422        SH:  0    Dex: 15    Spells: 2 memorised, 5 levels left

rFire  . . .     SeeInvis .       - Unarmed
rCold  . . .     Clarity  .     k - +2 robe {MR+} (curse)
rNeg   . . .     SustAb   .     (no shield)
rPois  .         Gourm    .     (helmet restricted)
rElec  .         Spirit   .     i - +0 cloak
rCorr  .         Warding  .     (no gloves)
rMut   .         Stasis   .     q - +0 pair of boots {Stlth+}
MR     +....                    (no amulet)
Stlth  ++........               o - +2 ring of evasion
                                h - +3 ring of dexterity

@: somewhat resistant to hostile enchantments, unstealthy
A: antennae 1, demonic guardian 1, dopey 1, low mp 1, powered by death 2,
screaming 1
a: Renounce Religion


You were on level 7 of the Dungeon.
You worshipped Xom.
You were a toy of Xom.
You were not hungry.

You visited 1 branch of the dungeon, and saw 7 of its levels.

You collected 422 gold pieces.

Inventory:

Missiles
 d - 49 poisoned needles
Armour
 i - a +0 cloak (worn)
   (You took it off Crazy Yiuf on level 3 of the Dungeon)
 k - a cursed +2 robe of magic resistance (worn)
   (You took it off Jessica on level 2 of the Dungeon)
 q - a +0 pair of boots of stealth (worn)
   (You found it on level 4 of the Dungeon)
Jewellery
 c - an uncursed ring of see invisible {sInv, !d}
   (You found it on level 1 of the Dungeon)
 h - a +3 ring of dexterity (left hand)
   (You found it on level 3 of the Dungeon)
 o - a +2 ring of evasion (right hand)
   (You found it on level 3 of the Dungeon)
 v - an uncursed ring of sustain abilities {SustAb}
   (You found it on level 6 of the Dungeon)
Magical devices
 p - a wand of disintegration (5)
   (You found it on level 4 of the Dungeon)
 x - a wand of random effects (23)
   (You found it on level 7 of the Dungeon)
Scrolls
 e - 4 scrolls of remove curse
 j - 2 scrolls of immolation {!r}
 r - 4 scrolls of teleportation
Potions
 g - 2 potions of haste
 u - a potion of resistance {unknown}
 w - a potion of lignification {unknown}
Books
 m - a book of Death
   (You found it on level 3 of the Dungeon)
 n - a book of Callings
   (You found it on level 3 of the Dungeon)
 s - a book of Party Tricks
   (You found it on level 5 of the Dungeon)
Comestibles
 a - 6 chunks of flesh {@w0}
 b - 4 bread rations {@e1}
 f - 4 meat rations {@e2}


   Skills:
 - Level 3.0 Fighting
 - Level 1.7 Armour
 - Level 0.8 Dodging
 + Level 11.3 Unarmed Combat


You had 5 spell levels left.
You knew the following spells:

 Your Spells              Type           Power        Failure   Level  Hunger
m - Sublimation of Blood  Necr           #.........   38%         2    ###....
B - Summon Butterflies    Summ           #.......     24%         1    ##.....


Dungeon Overview and Level Annotations

Branches:
Dungeon (7/15)
 Temple: D:4-7

Altars:
Dithmenos
Kikubaaqudgha
Okawaru
Sif Muna
Trog
Zin

Shops:
D:4 (


Innate Abilities, Weirdness & Mutations

You have a pair of small antennae on your head.
A weak demonic guardian rushes to your aid.
You can steal the life force of defeated enemies.
You are dopey. (Int -2)
Your magical capacity is low (-10% MP).
You occasionally shout uncontrollably at your foes.


Message History

t - Shout!
Orders for allies: a - Attack new target. r - Retreat! s - Stop attacking. w - Wait here. f - Follow me.
Anything else - Stay silent.
Gang up on whom?
Aim: an orc warrior, wielding a halberd of protection and wearing a chain mail (moderately wounded) Attack!
Your white imp gestures at the orc warrior.
The puff of frost hits the orc warrior.
You swap places.
The orc warrior barely misses your white imp.
Your white imp hits the orc warrior.
Your white imp freezes the orc warrior.
The orc hits your white imp but does no damage.
Your white imp barely misses the orc.
The orc warrior hits your white imp with a halberd of protection!
Your ufetubus misses the orc warrior.
Your ufetubus barely misses the orc warrior.
The orc hits your white imp but does no damage.
Your white imp closely misses the orc.
Your ufetubus barely misses the orc warrior.
Your ufetubus hits the orc warrior but does no damage.
The orc warrior hits your white imp with a halberd of protection!
Your white imp dies!
Your ufetubus barely misses the orc warrior.
Your ufetubus hits the orc warrior but does no damage. x2
Your ufetubus closely misses the orc warrior.
The orc warrior closely misses your ufetubus.
Your ufetubus barely misses the orc warrior.
Your ufetubus hits the orc warrior but does no damage.
The orc warrior hits your ufetubus with a halberd of protection!
Your ufetubus dies!
The orc warrior shouts! "Hum-dee-hum-dee-hum..."
The orc is moving more slowly.
The orc stops moving altogether! "Heh heh heh..."
The orc warrior looks rather confused.
The orc looks rather confused.
You hit the orc warrior but do no damage.
Your punch misses the orc warrior. You hit the orc warrior.
The orc warrior seems less confused.
The orc warrior completely misses you.
You hit the orc warrior. You closely miss the orc warrior.
The orc warrior completely misses you.
You closely miss the orc warrior.
You hit the orc warrior but do no damage.
The orc warrior closely misses you.
You closely miss the orc warrior. The orc warrior misses you.
You closely miss the orc warrior.
You hit the orc warrior but do no damage.
The orc warrior barely misses you.
You closely miss the orc warrior. You hit the orc warrior.
The orc warrior hits you with a halberd of protection!
You take 7 damage, and have 26/63 hp.
You closely miss the orc warrior.
The orc warrior hits you with a halberd of protection!
You take 7 damage, and have 19/63 hp.
You hit the orc warrior but do no damage.
You barely miss the orc warrior. The orc warrior closely misses you.
You hit the orc warrior. The orc warrior barely misses you.
You hit the orc warrior but do no damage.
Drink which item? (? for menu, Esc to quit)
Really quaff
t - a potion of ambrosia {!q}?
You are confused.
You feel invigorated. The orc warrior barely misses you.
You regained 3 hp, and now have 23/63 hp.
Unknown command.
Unknown command.
Unknown command.
The orc warrior hits you with a halberd of protection!!
* * * LOW HITPOINT WARNING * * *
A shower of butterflies erupts from you!
You take 14 damage, and have 9/63 hp.
MASSIVE DAMAGE!!
Unknown command.
Unknown command.
Drink which item? (? for menu, Esc to quit)
It was a potion of curing.
You feel better.
Xom thinks this is hilarious!
You feel less invigorated. The orc warrior barely misses you.
You regained 12 hp, and now have 21/63 hp.
Unknown command.
Unknown command.
Unknown command.
Unknown command.
Unknown command.
You barely miss the orc warrior.
You hit the orc warrior but do no damage.
The orc warrior hits you with a halberd of protection!
* * * LOW HITPOINT WARNING * * *
You take 13 damage, and have 8/63 hp.
MASSIVE DAMAGE!!
Read which item? (? for menu, Esc to quit)
Okay, then.
Drink which item? (? for menu, Esc to quit)
Okay, then.
The orc completely misses your butterfly.
The orc warrior hits you from afar with a halberd of protection!
You die...

........... #..#
#.........# #..#
###.........# #..#
#....b..# #)###).#
#..b..# #......#
#.....###.###o##
#b.b....†.# #.#
#.........# #.#
#...@b....# #.#
##...##.#####<#
...##.oo##..ooo..#
#.........#######
###########


You could see an orc warrior and an orc.

Vanquished Creatures
  Pikel (D:4)
  Sigmund (D:3)
  Menkaure (D:6)
  An orc warrior (D:6)
  A slave (D:4)
  4 ogres
  A centaur (D:5)
  A giant frog (D:6)
  A wight (D:6)
  A crimson imp (D:6)
  4 orc wizards (D:6)
  Crazy Yiuf (D:3)
  4 orc priests (D:6)
  A giant frog zombie (D:5)
  2 hounds
  2 giant frog skeletons
  Jessica (D:2)
  A centaur skeleton (D:5)
  4 worker ants
  An iguana (D:5)
  3 gnolls (D:6)
  2 shadow imps
  6 adders
  An ooze (D:4)
  3 worms (D:5)
  4 giant geckos
  11 orcs
  16 bats
  8 giant cockroaches
  9 hobgoblins
  8 kobolds
  3 quokkas
  4 giant newts
  17 goblins
  4 jackals (D:3)
  A jackal skeleton (D:4)
  A quokka skeleton (D:5)
  A quokka zombie (D:6)
  7 rats
  7 ballistomycetes (D:6)
150 creatures vanquished.

Vanquished Creatures (collateral kills)
  A moth of wrath (D:5)
  Edmund (D:6)
  3 slaves (D:4)
  A water moccasin (D:6)
  3 wights (D:6)
  A shadow imp (D:5)
  A worm (D:5)
  An adder skeleton (D:6)
  An orc (D:7)
  A bat (D:4)
14 creatures vanquished.

Vanquished Creatures (others)
  13 crimson imps
  6 iron imps
  3 quasits
  9 white imps
  11 ufetubi
  A giant spore (D:6)
43 creatures vanquished.

Grand Total: 207 creatures vanquished

Notes
Turn   | Place    | Note
--------------------------------------------------------------
     0 | D:1      | RobertPalmer, the Demonspawn Chaos Knight, began the quest for the Orb.
     0 | D:1      | Reached XP level 1. HP: 18/18 MP: 1/1
   111 | D:1      | Reached skill level 3 in Unarmed Combat
   334 | D:1      | XOM: potion effect (heal wounds)
   349 | D:1      | Gained mutation: You can steal the life force of nearby defeated enemies. [demonic ancestry]
   349 | D:1      | Reached XP level 2. HP: 22/24 MP: 2/2
   489 | D:1      | XOM: divination: detect creatures
   987 | D:2      | Noticed Jessica
  1003 | D:2      | Killed Jessica
  1003 | D:2      | Reached skill level 4 in Unarmed Combat
  1003 | D:2      | Gained mutation: You can steal the life force of defeated enemies. [demonic ancestry]
  1003 | D:2      | Reached XP level 3. HP: 20/29 MP: 3/3
  1055 | D:2      | XOM: harmless Conj miscast
  1345 | D:2      | Reached XP level 4. HP: 30/35 MP: 4/4
  1356 | D:2      | XOM: stat loss: -1 Int (14/15)
  1368 | D:2      | XOM: mild Summ miscast
  1369 | D:2      | Noticed a spatial vortex
  1652 | D:3      | XOM: give mutations
  1652 | D:3      | Gained mutation: Your magical capacity is low (-10% MP). [Xom's mischief]
  1652 | D:3      | Gained mutation: You occasionally shout uncontrollably at your foes. [Xom's mischief]
  1652 | D:3      | Gained mutation: You are dopey. (Int -2) [Xom's mischief]
  1970 | D:3      | Noticed Sigmund
  1976 | D:3      | XOM: vitrification
  1977 | D:3      | Killed Sigmund
  1977 | D:3      | Reached skill level 6 in Unarmed Combat
  1977 | D:3      | Gained mutation: A weak demonic guardian rushes to your aid. [demonic ancestry]
  1977 | D:3      | Reached XP level 5. HP: 30/41 MP: 4/4
  2256 | D:3      | Found an iron altar of Okawaru.
  2265 | D:3      | Gained mutation: You have a pair of small antennae on your head. [demonic ancestry]
  2265 | D:3      | Reached XP level 6. HP: 47/47 MP: 5/5
  2466 | D:3      | Noticed Crazy Yiuf
  2476 | D:3      | Killed Crazy Yiuf
  2775 | D:3      | XOM: divination: detect creatures
  2931 | D:3      | Found a shadowy altar of Dithmenos.
  3025 | D:4      | Found Wetwytzo's Weapon Shoppe.
  3046 | D:4      | XOM: silly message
  3345 | D:4      | Noticed Pikel
  3351 | D:4      | XOM: harmless Necr miscast
  3409 | D:4      | XOM: divination: detect items
  3418 | D:4      | XOM: summons 4 friendly demons
  3464 | D:4      | XOM: noise
  3528 | D:4      | XOM: cast spell 'Spider Form'
  3656 | D:4      | Reached skill level 7 in Unarmed Combat
  3674 | D:4      | HP: 11/47 [poisoned by a worker ant]
  3680 | D:4      | HP: 10/47 [poisoned by a worker ant]
  3688 | D:4      | HP: 9/47 [poisoned by a worker ant]
  3828 | D:4      | XOM: harmless Conj miscast
  3865 | D:4      | XOM: colour smoke trail
  3903 | D:4      | XOM: harmless Summ miscast
  3982 | D:4      | XOM: mild Air miscast
  4032 | D:4      | XOM: silly message
  4047 | D:4      | XOM: summons friendly white imp
  4050 | D:4      | XOM: divination: detect creatures
  4056 | D:4      | XOM: summons friendly shadow imp
  4064 | D:4      | Killed Pikel
  4064 | D:4      | Reached skill level 8 in Unarmed Combat
  4064 | D:4      | Reached XP level 7. HP: 37/52 MP: 6/6
  4224 | D:5      | Entered Level 5 of the Dungeon
  4284 | D:5      | XOM: silly message
  4327 | D:5      | Learned a level 2 spell: Sublimation of Blood
  4346 | D:5      | Learned a level 1 spell: Summon Butterflies
  4568 | D:5      | XOM: medium Trmt miscast
  4657 | D:5      | XOM: smoke on damage
  4995 | D:5      | Noticed a moth of wrath
  5040 | D:5      | XOM: noise
  5129 | D:5      | XOM: harmless Chrm miscast
  5226 | D:5      | XOM: mild Pois miscast
  5302 | D:5      | Reached XP level 8. HP: 45/58 MP: 7/7
  5325 | D:5      | XOM: silly message
  5356 | D:5      | Reached skill level 9 in Unarmed Combat
  5480 | D:5      | XOM: colour smoke trail
  5715 | D:5      | Found a bloodstained altar of Trog.
  5747 | D:5      | XOM: cast spell 'Olgreb's Toxic Radiance'
  5789 | D:5      | XOM: mild Trmt miscast
  5809 | D:5      | XOM: enchant monster (bad)
  5859 | D:5      | XOM: confuse monster(s)
  5883 | D:5      | XOM: enchant monster (good)
  5903 | D:5      | XOM: divination: detect creatures
  5916 | D:5      | XOM: noise
  5922 | D:5      | XOM: enchant monster (good)
  5927 | D:5      | XOM: noise
  5932 | D:5      | XOM: noise
  5933 | D:5      | XOM: summons friendly shadow imp
  5962 | D:5      | XOM: enchant monster (good)
  5997 | D:5      | XOM: polymorph iron imp -> white imp
  5998 | D:5      | XOM: destruction
  6008 | D:5      | XOM: enchant monster (good)
  6031 | D:5      | XOM: swap monsters
  6070 | D:5      | Killed a moth of wrath
  6094 | D:6      | XOM: cast spell 'Dragon Form'
  6107 | D:6      | Reached skill level 10 in Unarmed Combat
  6109 | D:6      | Found an ancient bone altar of Kikubaaqudgha.
  6109 | D:6      | Found a deep blue altar of Sif Muna.
  6219 | D:6      | XOM: potion effect (berserk rage)
  6345 | D:6      | XOM: potion effect (curing)
  6399 | D:6      | Noticed Edmund
  6455 | D:6      | XOM: enchant monster (bad)
  6466 | D:6      | Killed Edmund
  6497 | D:6      | Noticed Menkaure
  6506 | D:6      | XOM: smoke on damage
  6512 | D:6      | Killed Menkaure
  6512 | D:6      | Reached skill level 11 in Unarmed Combat
  6512 | D:6      | Reached XP level 9. HP: 27/63 MP: 8/8
  6747 | D:6      | Found a glowing silver altar of Zin.
  6912 | D:7      | XOM: summons friendly ufetubus
  6953 | D:7      | XOM: butterfly on damage
  6979 | D:7      | XOM: enchant monster (good)
  6985 | D:7      | XOM: confuse monster(s)
  7009 | D:7      | HP: 9/63 [orc warrior/halberd of protection (19)]
  7009 | D:7      | XOM: butterfly on damage
  7014 | D:7      | Slain by an orc warrior

Action                   |  1- 3 |  4- 6 |  7- 9 || total
-------------------------+-------+-------+-------++-------
Melee: Unarmed           |   150 |   181 |   277 ||   608
Evoke: Wand              |       |       |     1 ||     1
  Use: Scroll            |     1 |     8 |     3 ||    12
       Potion            |       |     3 |     2 ||     5
 Stab: Sleeping          |       |     2 |     1 ||     3
       Distracted        |       |       |     3 ||     3
  Eat: Chunk             |       |    10 |     9 ||    19
       Pizza             |       |       |     1 ||     1

Vault maps used:
D:1:      lemuel_arrival_hallway, minivault_27, roderic_curled_sauvastika
D:2:      uniq_jessica
D:3:      okawaru_ov_weapons_minmay, lemuel_crystal_altar, first_bread,
          uniq_crazy_yiuf_cottage, uniq_sigmund
D:4:      kennysheep_the_goblin_king, serial_shops, shop, nrook_mini_backslash,
          minmay_misc_feat_room, minmay_strange_pillars, uniq_pikel
D:5:      tgw_trog
D:6:      gammafunk_temple_overflow_claw, serial_park_tiny_pond, uniq_menkaure,
          uniq_edmund
D:7:      kennysheep_seaside_town, makhleb_blood_cavern_becter,
          minmay_temple_entry_hall, basic_altar

Table legend:
 A = Turns spent in this place as a percentage of turns spent in the entire game.
 B = Non-inter-level travel turns spent in this place as a percentage of non-inter-level travel turns spent in the entire game.
 C = Inter-level travel turns spent in this place as a percentage of turns spent in this place.
 D = Turns resting spent in this place as a percentage of non-inter-level travel turns spent in this place.
 E = Turns spent auto-exploring this place as a percentage of non-inter-level travel turns spent in this place.
 F = Non-inter-level travel turns spent in this place divided by the number of levels of this place that you've seen.
                   A       B       C       D       E      F
               +-------+-------+-------+-------+-------+----------------------
         Total | 100.0 | 100.0 |   0.3 |   1.6 |   6.1 | 452.0
       Dungeon | 100.0 | 100.0 |   0.3 |   1.6 |   6.1 | 452.0
               +-------+-------+-------+-------+-------+----------------------

Table legend:
 A = Kills in this place as a percentage of kills in entire the game.
 B = Kills by you in this place as a percentage of kills by you in the entire game.
 C = Kills by friends in this place as a percentage of kills by friends in the entire game.
 D = Other kills in this place as a percentage of other kills in the entire game.
 E = Experience gained in this place as a percentage of experience gained in the entire game.
 F = Experience gained in this place divided by the number of levels of this place that you have seen.
                   A       B       C       D       E      F
               +-------+-------+-------+-------+-------+----------------------
         Total | 100.0 | 100.0 | 100.0 |  -nan | 100.0 | 450.0
       Dungeon | 100.0 | 100.0 | 100.0 |  -nan | 100.0 | 450.0
               +-------+-------+-------+-------+-------+----------------------
